 Dungeon Crawl Stone Soup version 0.26-a0-540-g8a0c9464d7 (webtiles) character file.

Game seed: 2922981943680160901

1088 HoaS the Grappler (level 8, -1/44 HPs)
             Began as a Gargoyle Gladiator on Aug 20, 2020.
             Incinerated by a smoke demon (7 damage)
             ... with a sticky flame
             ... on level 1 of the Abyss.
             The game lasted 00:11:35 (5226 turns).

HoaS the Grappler (Gargoyle Gladiator)              Turns: 5226, Time: 00:11:36

Health: -1/44      AC: 18    Str: 20    XL:     8   Next: 30%
Magic:  8/8        EV:  8    Int:  9    God:
Gold:   281        SH:  0    Dex: 11    Spells: 7/7 levels left

rFire    . . .     SeeInvis .     - Unarmed
rCold    . . .     Faith    .   (no shield)
rNeg     + . .     Spirit   .   m - +0 chain mail
rPois    ∞         Reflect  .   u - +2 helmet
rElec    +         Harm     .   i - +0 cloak {Stlth+}
rCorr    .                      k - +0 pair of gloves
MR       .....                  (no boots)
Stlth    ..........             (no amulet)
HPRegen  0.14/turn              (no ring)
MPRegen  0.11/turn              (no ring)

@: confused, liquid flames, glowing
A: negative energy resistance 1, electricity resistance, unbreathing,
petrification resistance, rot immunity, AC +5
a: no special abilities


You were on level 1 of the Abyss.
You visited 1 branch of the dungeon, and saw 5 of its levels.
You visited the Abyss 1 time.
You also visited: Ossuary.

You collected 281 gold pieces.

Inventory:

Missiles
 c - 3 throwing nets (quivered)
 d - 16 poisoned darts
Armour
 i - a +0 cloak of stealth (worn)
 k - a +0 pair of gloves (worn)
 m - a +0 chain mail (worn)
 u - a +2 helmet (worn)
Jewellery
 n - an uncursed amulet of reflection {unknown}
Scrolls
 a - a scroll of fear
 f - a scroll of identify
 j - 3 scrolls of magic mapping
 l - a scroll of blinking
Potions
 b - a potion of resistance {unknown}
 e - 3 potions of lignification {unknown}
 g - 4 potions of curing
 h - 3 potions of heal wounds
 o - a potion of mutation {unknown}
 p - 2 potions of ambrosia
 q - a potion of berserk rage {unknown}
 r - a potion of cancellation {unknown}
 t - a potion of stabbing {unknown}


   Skills:
 - Level 2.1 Fighting
 - Level 1.7 Throwing
 - Level 2.4 Dodging
 + Level 10.0 Unarmed Combat


You had 7 spell levels left.
You didn't know any spells.
Your spell library contained the following spells:

 Spells                   Type           Power        Failure   Level
 Animate Skeleton         Necr           #.....       99%         1
 Apportation              Tloc           #.....       99%         1
 Corona                   Hex            #......      99%         1
 Summon Small Mammal      Summ           #...         99%         1


Dungeon Overview and Level Annotations

Branches:
Dungeon (5/15)            Ossuary (visited)
 Temple: D:4-7

Altars:
Fedhas
Hepliaklqana
Qazlal
Ru
Sif Muna
Uskayaw
Vehumet
Yredelemnul
The Shining One


Innate Abilities, Weirdness & Mutations

You are resistant to torment.
Your stone body is resilient. (AC +5)
You are immune to poison.
You resist negative energy. (rN+)
You are resistant to electric shocks. (rElec)
You can survive without breathing.
You are immune to petrification.
You are immune to rotting.


Message History

The golden eye blinks at you.
You are more confused.
A vampire comes into view.
The smoke demon gestures at you.
The sticky flame hits you but does no damage.
You are covered in liquid flames!
You bump into the metal wall.
You are covered in liquid flames!
The golden eye blinks at you.
You are more confused.
A harpy skeleton comes into view.
The smoke demon hits you but does no damage. x3
The golden eye blinks at you.
You are more confused.
You are covered in liquid flames!
* * * LOW HITPOINT WARNING * * *
A large abomination comes into view.
You bump into the stone wall.
You are covered in liquid flames!
You die...

## ###. . ##...
##..#.... . . .
# ####.##.#.#..
#. #
#X....#..#.# .
.. #
#.##.##..#.G..#
. .#. .#.
.#.@3#..# .
#..#
.#.#.#..V.# #
.# ## .#.
#.####.Z... .#
.. #. ..##...#
#... ..
####...#..#. ..
. ###...#..
...###
###.##..#...#.#
#...#..#.##..#
##.#.#.##...#..


You could see a large abomination (wandering), a smoke demon, a vampire, a
golden eye and a harpy skeleton (wandering).

Vanquished Creatures
  Edmund (D:3)
  A phantom (D:4)
  A centaur (D:3)
  A big kobold (D:5)
  2 water moccasin zombies (Ossuary)
  A howler monkey (D:4)
  2 orc priests (D:4)
  2 hounds (D:5)
  An iron imp (Abyss:1)
  An orc wizard (D:3)
  A bullfrog skeleton (D:5)
  A worker ant (D:4)
  2 big kobold zombies (Ossuary)
  2 mummies (Ossuary)
  A hound zombie (D:5)
  A howler monkey zombie (D:2)
  6 adders
  4 gnolls (D:3)
  A white imp (D:5)
  2 oozes
  7 adder zombies (Ossuary)
  2 adder skeletons (D:4)
  2 worms
  A dart slug (D:2)
  A leopard gecko (D:3)
  6 orcs
  7 giant cockroaches
  2 gnoll zombies (Ossuary)
  6 goblins
  6 hobgoblins
  13 jackals
  28 kobolds
  A ball python (D:5)
  7 bats
  10 frilled lizards
  7 hobgoblin zombies
  A jackal skeleton (D:5)
  3 jackal zombies
  7 kobold zombies (Ossuary)
  4 orc zombies (Ossuary)
  6 rats
161 creatures vanquished.

Vanquished Creatures (others)
  2 golden eyes (Abyss:1)
2 creatures vanquished.

Grand Total: 163 creatures vanquished

Notes
Turn   | Place    | Note
-------+----------+-------------------------------------------
     0 | D:1      | HoaS the Gargoyle Gladiator began the quest for the Orb.
     0 | D:1      | Reached XP level 1. HP: 12/12 MP: 1/1
   475 | D:1      | Reached XP level 2. HP: 17/17 MP: 2/2
   793 | D:1      | Reached skill level 4 in Unarmed Combat
   892 | D:1      | Reached XP level 3. HP: 21/21 MP: 3/3
  1133 | D:2      | Found a radiant altar of Vehumet.
  1211 | D:2      | Reached XP level 4. HP: 23/26 MP: 4/4
  1250 | D:2      | Found a shimmering blue altar of Sif Muna.
  1338 | D:2      | Reached skill level 5 in Unarmed Combat
  1731 | D:3      | Reached XP level 5. HP: 30/30 MP: 5/5
  1761 | D:3      | Found a stormy altar of Qazlal.
  1971 | D:3      | Noticed a centaur
  2011 | D:3      | Killed a centaur
  2011 | D:3      | Reached skill level 6 in Unarmed Combat
  2011 | D:3      | Reached XP level 6. HP: 12/35 MP: 6/6
  2243 | D:3      | Found a faded altar of an unknown god.
  2243 | D:3      | Found a hazy altar of Hepliaklqana.
  2248 | D:3      | Found a blossoming altar of Fedhas.
  2250 | D:3      | Found a hide-covered altar of Uskayaw.
  2252 | D:3      | Found a faded altar of an unknown god.
  2778 | D:4      | Noticed Edmund
  2816 | D:3      | Killed Edmund
  2816 | D:3      | Reached skill level 7 in Unarmed Combat
  3055 | D:4      | Reached XP level 7. HP: 35/40 MP: 7/7
  3089 | D:4      | Reached skill level 8 in Unarmed Combat
  3164 | D:4      | Found a sand-covered staircase.
  3184 | Ossuary  | Entered an ossuary
  3331 | Ossuary  | Reached skill level 9 in Unarmed Combat
  3783 | D:4      | Reached XP level 8. HP: 30/44 MP: 8/8
  3885 | D:4      | Found a sacrificial altar of Ru.
  4029 | D:4      | Found a glowing golden altar of the Shining One.
  4538 | D:5      | Entered Level 5 of the Dungeon
  4913 | D:5      | Found a basalt altar of Yredelemnul.
  5012 | D:5      | Cast into level 1 of the Abyss (orc wizard)
  5193 | Abyss:1  | Reached skill level 10 in Unarmed Combat
  5218 | Abyss:1  | Noticed a smoke demon
  5223 | Abyss:1  | Noticed a vampire
  5226 | Abyss:1  | Incinerated by a smoke demon

Illustrated notes

Levels and vault maps discovered:
D:1:      elethiomel_arrival_maze, layout_loops_ring
D:2:      layout_rooms, old_standard_altar, nicolae_overflow_crystal_walls
D:3:      layout_loops_ring, nicolae_qazlal_eye_of_the_storm,
          chequers_temple_overflow_minitemple, chequers_serial_rivers_micro_c,
          kennysheep_generic_room_5
D:4:      layout_loops_corners, nicolae_ru_awakened_eye, marbit_many_paths,
          enter_ossuary_3, kennysheep_pointless_box, uniq_edmund
D:5:      kennysheep_kobold_camp, layout_basic, overflow_temple_1_default
Abyss:1:  base:
D:4

Skill      XL: |  1  2  3  4  5  6  7  8 |
---------------+-------------------------+-----
Unarmed Combat | 4 5 6 7 9 10 | 10.0
Fighting       | |  2.1
Throwing       | |  1.7
Dodging        | |  2.4

Action                   |  1- 3 |  4- 6 |  7- 9 || total
-------------------------+-------+-------+-------++-------
Melee: Unarmed           |   132 |   230 |   301 ||   663
       Punch             |       |     5 |    15 ||    20
  Use: Scroll            |     7 |     4 |     5 ||    16
Armor: Leather armour    |    26 |       |       ||    26
       Scale mail        |    27 |   145 |    68 ||   240
       Chain mail        |       |       |    52 ||    52
Dodge: Dodged            |    66 |   101 |    82 ||   249

Table legend: (Time is in decaauts)
 A = Elapsed time spent in this place.
 B = Non-inter-level travel time spent in this place.
 C = Inter-level travel time spent in this place.
 D = Time resting spent in this place.
 E = Time spent auto-exploring this place.
 F = Levels seen in this place.
 G = Mean time per level.
                   A        B        C        D        E       F      G
               +--------+--------+--------+--------+--------+-----+--------+
         Total |   5133 |   4858 |    275 |   1030 |   2596 |   7 |  733.3 |
       Dungeon |   4615 |   4340 |    275 |    809 |   2511 |   5 |  923.0 |
         Abyss |    211 |    211 |      0 |    170 |     24 |   1 |  211.0 |
       Ossuary |    306 |    306 |      0 |     51 |     61 |   1 |  306.0 |
               +--------+--------+--------+--------+--------+-----+--------+

Top non-repeatable levels by time:
     D:3: 1514 daAuts
     D:4: 1165 daAuts
     D:1: 1038 daAuts
     D:5: 454 daAuts
     D:2: 441 daAuts
 Ossuary: 306 daAuts
 Abyss:1: 211 daAuts
